 Dungeon Crawl Stone Soup version 0.21.0-25-ge575cb9ce8 (webtiles) character file.

217 MalkierKing the Covered (level 5, -6/47 HPs)
             Began as a Minotaur Fighter on Jan 26, 2018.
             Mangled by an orc warrior
             ... wielding a +0 flail
              (16 damage)
             ... on level 4 of the Dungeon.
             The game lasted 00:06:15 (2179 turns).

MalkierKing the Covered (Minotaur Fighter)          Turns: 2179, Time: 00:06:15

Health: -6/47      AC:  7    Str: 22    XL:     5   Next: 62%
Magic:  4/4        EV:  8    Int:  5    God:
Gold:   177        SH:  9    Dex:  9    Spells: 4/4 levels left

rFire    . . .     SeeInvis .   a - +0 war axe
rCold    + . .     Gourm    .   c - +0 shield
rNeg     . . .     Faith    .   b - +0 scale mail
rPois    .         Spirit   .   (helmet restricted)
rElec    .         Reflect  .   (no cloak)
rCorr    .         Harm     .   (no gloves)
MR       .....                  (no boots)
Stlth    ..........             (no amulet)
HPRegen  0.15/turn              q - ring of protection from cold
MPRegen  0.09/turn              (no ring)

@: no status effects
A: retaliatory headbutt, horns 2
a: no special abilities


You were on level 4 of the Dungeon.
You were not hungry.

You visited 1 branch of the dungeon, and saw 4 of its levels.

You collected 177 gold pieces.

Inventory:

Hand Weapons
 a - a +0 war axe (weapon)
Armour
 b - a +0 scale mail (worn)
 c - a +0 shield (worn)
Jewellery
 m - an uncursed ring of fire
 q - a ring of protection from cold (left hand)
Scrolls
 e - a scroll of immolation {unknown}
 g - 2 scrolls of amnesia {unknown}
 h - a scroll of enchant weapon {unknown}
 j - 3 scrolls of enchant armour {unknown}
 k - 3 scrolls of identify {unknown}
 l - a scroll of blinking {unknown}
 t - 2 scrolls of remove curse {unknown}
 u - a scroll of teleportation {unknown}
 v - a scroll of fog {unknown}
Potions
 d - 2 potions of might
 i - a potion of invisibility {unknown}
 n - a potion of magic {unknown}
 o - a potion of resistance {unknown}
 p - 2 potions of degeneration {unknown}
 r - a potion of ambrosia {unknown}
 s - a potion of heal wounds {unknown}
Comestibles
 f - 11 rations


   Skills:
 + Level 4.5 Fighting
 + Level 4.4 Axes
 + Level 5.1 Armour
 + Level 0.6 Dodging
 + Level 4.7 Shields


You had 4 spell levels left.
You didn't know any spells.

Dungeon Overview and Level Annotations

Branches:
Dungeon (4/15)
 Temple: D:4-7

Altars:
Dithmenos
Elyvilon
Fedhas
Ru
The Shining One


Innate Abilities, Weirdness & Mutations

You reflexively headbutt those who attack you in melee.
You have a pair of horns on your head.


Message History

You block the orc warrior's attack.
Found 2 scrolls labeled VANELYM KOETTA.
The orc throws a stone.
You block the stone.
You see here a stone.
Found a short sword and 15 stones.
You block the orc warrior's attack.
The orc throws a stone.
The stone closely misses you.
Found a ration.
You see here 2 scrolls labeled VANELYM KOETTA.
t - 2 scrolls labeled VANELYM KOETTA The orc throws a stone.
The stone closely misses you.
An orc comes into view.
The orc shouts!
Found a stone staircase leading up.
The orc throws a stone.
The stone hits you but does no damage.
You see here a stone.
You block the orc's attack.
There is a stone staircase leading up here.
The orc warrior hits you with a flail!
You die...

#.#.#.# #.###...(..#
#.#.#>## #.#......#.#
#......######.#....o##.#
#....#.#......).....# #
##.....# ####.#(..(.#
##.####.####.#..o..##.
#####...........o........
.......###.####oo.........
######## #.@...######
#######


You could see an orc warrior and 4 orcs.

Vanquished Creatures
  A worker ant (D:3)
  6 gnolls (D:3)
  6 adders
  An ooze (D:1)
  A worm (D:2)
  2 leopard geckos
  5 orcs (D:3)
  3 ball pythons
  7 giant cockroaches
  7 goblins
  5 hobgoblins
  5 jackals
  4 kobolds
  A quokka (D:2)
  4 bats
  4 frilled lizards
  6 rats
68 creatures vanquished.

Notes
Turn   | Place    | Note
-------+----------+-------------------------------------------
     0 | D:1      | MalkierKing the Minotaur Fighter began the quest for the Orb.
     0 | D:1      | Reached XP level 1. HP: 19/19 MP: 0/0
    71 | D:1      | Reached skill level 4 in Armour
    71 | D:1      | Reached XP level 2. HP: 27/27 MP: 1/1
   506 | D:2      | Reached XP level 3. HP: 33/33 MP: 2/2
   571 | D:2      | Found a sacrificial altar of Ru.
   622 | D:2      | Found a blossoming altar of Fedhas.
   687 | D:2      | Found a white marble altar of Elyvilon.
   793 | D:2      | Reached XP level 4. HP: 33/40 MP: 3/3
  1154 | D:3      | Reached XP level 5. HP: 30/47 MP: 4/4
  1325 | D:3      | Reached skill level 5 in Armour
  1847 | D:3      | Found a shadowy altar of Dithmenos.
  1847 | D:3      | Found a glowing golden altar of the Shining One.
  2152 | D:4      | Noticed an orc warrior
  2179 | D:4      | Mangled by an orc warrior

Skill      XL: |  1  2  3  4  5 |
---------------+----------------+-----
Armour         | 4 5 |  5.1
Shields        | 4 |  4.7
Fighting       | 4 |  4.5
Axes           | 3 4 |  4.4
Dodging        | |  0.6

Action                   |  1- 3 |  4- 6 || total
-------------------------+-------+-------++-------
Melee: War axe           |    89 |    54 ||   143
       Headbutt          |     6 |     9 ||    15
 Stab: Paralysed         |     1 |       ||     1
  Eat: Chunk             |       |     4 ||     4
Armor: Scale mail        |    48 |    15 ||    63
Dodge: Dodged            |    38 |    17 ||    55
Block: Shield            |    50 |    40 ||    90
